 Dungeon Crawl Stone Soup version 0.26-a0-651-gb41185065b (webtiles) character file.

Game seed: 3889875641923716769

181 Lugonue the Insei (level 5, 0/33 HPs)
             Began as an Octopode Transmuter on Oct 29, 2020.
             Splashed by a gnoll's acid (6 damage)
             ... on level 3 of the Dungeon.
             The game lasted 00:04:06 (3423 turns).

Lugonue the Insei (Octopode Transmuter)             Turns: 3423, Time: 00:04:07

Health: 0/33       AC:  1    Str: 10    XL:     5   Next: 61%
Magic:  17/17      EV: 14    Int: 15    God:
Gold:   150        SH:  0    Dex: 13    Spells: 4/9 levels left

rFire    . . .     SeeInvis .     - Unarmed
rCold    . . .     Faith    .   (no shield)
rNeg     . . .     Spirit   .   (helmet currently unavailable)
rPois    .         Reflect  .   (no amulet)
rElec    .         Harm     .   d - ring of magical power
rCorr    .         Rampage  .   (no ring)
MR       .....                  (no ring)
Stlth    +++.......             (no ring)
HPRegen  0.11/turn              (no ring)
MPRegen  0.15/turn              (no ring)
                                (no ring)
                                (no ring)

@: appendages (expiring)
A: almost no armour, stealthy swim, amphibious, 8 rings, constrict 8, tentacle
spike 3, camouflage 1, gelatinous body 1
a: End Transformation


You were on level 3 of the Dungeon.
One of your tentacles had a temporary spike.
You visited 1 branch of the dungeon, and saw 3 of its levels.

You collected 150 gold pieces.

Inventory:

Missiles
 c - 4 curare-tipped darts
 g - 10 poisoned darts (quivered)
Jewellery
 d - a ring of magical power (left tentacle)
Wands
 k - a wand of flame (30)
Scrolls
 a - 5 scrolls of identify
 b - a scroll of fog
 f - 2 scrolls of fear
 h - 2 scrolls of immolation
Potions
 e - a potion of berserk rage {unknown}
 i - a potion of lignification {unknown}
 j - a potion of ambrosia {unknown}


   Skills:
 + Level 1.3 Fighting
 + Level 0.5 Throwing
 * Level 2.7 Dodging
 + Level 2.7 Stealth
 * Level 4.2 Unarmed Combat
 + Level 2.5 Spellcasting
 * Level 2.9 Transmutations


You had 4 spell levels left.
You knew the following spells:

 Your Spells              Type           Power        Failure   Level
a - Beastly Appendage     Tmut           ##....       6%          1
b - Ice Form              Ice/Tmut       #.......     75%         4

Your spell library contained the following spells:

 Spells                   Type           Power        Failure   Level
 Wereblood                Tmut           ##......     10%         2
 Spider Form              Tmut/Pois      #.........   34%         3
 Blade Hands              Tmut           ##........   87%         5


Dungeon Overview and Level Annotations

Branches:
Dungeon (3/15)

Altars:
Dithmenos
Qazlal


Innate Abilities, Weirdness & Mutations

You cannot wear most types of armour.
You are very stealthy in the water. (Stealth+)
You are amphibious.
You can wear up to eight rings at the same time.
You can use your tentacles to constrict eight enemies at once.
Your skin changes colour to match your surroundings (Stealth+).
Your rubbery body absorbs attacks. (AC +1, EV +1)
One of your tentacles bears a large vicious spike.


Message History

A gnoll comes into view. It is wielding a +0 halberd.
The gnoll hits you with a +0 spear of pain.
The gnoll shouts!
You tentacle-slap the gnoll but do no damage.
The gnoll is lightly wounded.
You constrict the gnoll, but do no damage.
The gnoll struggles to escape constriction.
You tentacle-slap the gnoll.
You pierce the gnoll, but do no damage.
The gnoll is severely wounded.
You constrict the gnoll.
The gnoll struggles to escape constriction.
You tentacle-slap the gnoll.
You kill the gnoll!
Your transformation is almost over.
The gnoll zaps a wand.
The bolt of acid misses you.
The gnoll zaps a wand.
The bolt of acid misses you.
The gnoll zaps a wand.
The bolt of acid hits you!
* * * LOW HITPOINT WARNING * * *
You are splashed with acid.
You die...

###########
#.........#
#.........#
#.......†.#
#.........#
#.........#
#.........##
#..........#
########@#>##
#.#.†# ##
#.##.## .##
#.##..#
..####
#g###.#
#....#
#g).#.##
####)#
###(#..# #.#
#)...## #.###
###.(.#


You could see 2 gnolls.

Vanquished Creatures
  Terence (D:2)
  5 gnolls (D:3)
  4 adders
  An ooze (D:1)
  3 dart slugs
  2 leopard geckos
  An orc (D:3)
  A ball python (D:1)
  7 bats
  A giant cockroach (D:3)
  9 goblins
  7 hobgoblins
  2 jackals (D:3)
  A quokka (D:2)
  8 kobolds
  9 rats
62 creatures vanquished.

Notes
Turn   | Place    | Note
-------+----------+-------------------------------------------
     0 | D:1      | Lugonue the Octopode Transmuter began the quest for the
                  | Orb.
     0 | D:1      | Reached XP level 1. HP: 13/13 MP: 3/3
    49 | D:1      | Reached XP level 2. HP: 18/18 MP: 5/5
   730 | D:1      | Reached XP level 3. HP: 22/23 MP: 6/6
  1322 | D:2      | Found a stormy altar of Qazlal.
  1605 | D:2      | Reached skill level 1 in Stealth
  1663 | D:2      | Noticed Terence
  2012 | D:2      | Reached XP level 4. HP: 23/28 MP: 7/7
  2210 | D:2      | Killed Terence
  2389 | D:3      | Found a shadowy altar of Dithmenos.
  2420 | D:3      | Reached skill level 4 in Unarmed Combat
  2481 | D:3      | Learned a level 4 spell: Ice Form
  2485 | D:3      | Reached XP level 5. HP: 13/33 MP: 8/8
  3423 | D:3      | Splashed by a gnoll's acid

Illustrated notes

Levels and vault maps discovered:
D:1:      minmay_arrival_cross, layout_basic, minmay_distorted
D:2:      layout_loops_ring, lemuel_crystal_altar, uniq_terence
D:3:      layout_rooms, grunt_dithmenos_smoke, minmay_crystal_room

Skill      XL: |  1  2  3  4 |
---------------+-------------+-----
Stealth        | 1 2 |  2.7
Unarmed Combat | 4 |  4.2
Fighting       | |  1.3
Throwing       | |  0.5
Dodging        | |  2.7
Spellcasting   | |  2.5
Transmutations | |  2.9

Action                   |  1- 3 |  4- 6 || total
-------------------------+-------+-------++-------
Melee: Unarmed           |    69 |    65 ||   134
       Tentacles         |    14 |     9 ||    23
       Constrict         |    21 |    16 ||    37
       Kick              |     8 |    11 ||    19
       Punch             |       |     1 ||     1
Throw: Dart              |       |    24 ||    24
 Cast: Beastly Appendage |    12 |    10 ||    22
  Use: Scroll            |     5 |       ||     5
 Stab: Sleeping          |     7 |     3 ||    10
Armor: Skin              |     1 |     2 ||     3
Dodge: Dodged            |    27 |    44 ||    71

Table legend: (Time is in decaauts)
 A = Elapsed time spent in this place.
 B = Non-inter-level travel time spent in this place.
 C = Inter-level travel time spent in this place.
 D = Time resting spent in this place.
 E = Time spent auto-exploring this place.
 F = Levels seen in this place.
 G = Mean time per level.
                   A        B        C        D        E       F      G
               +--------+--------+--------+--------+--------+-----+--------+
         Total |   3414 |   3305 |    109 |    589 |   2223 |   3 | 1138.0 |
       Dungeon |   3414 |   3305 |    109 |    589 |   2223 |   3 | 1138.0 |
               +--------+--------+--------+--------+--------+-----+--------+

Top non-repeatable levels by time:
     D:1: 1313 daAuts
     D:3: 1073 daAuts
     D:2: 1026 daAuts
